 Dungeon Crawl Stone Soup version 0.18-a0-24-g6e14259 (webtiles) character file.

274 Duffy the Skirmisher (level 6, -1/53 HPs)
             Began as a Formicid Artificer on Nov 3, 2015.
             Slain by a gnoll sergeant
             ... wielding a +4 spear of flaming
              (5 damage)
             ... on level 4 of the Dungeon.
             The game lasted 00:03:14 (3394 turns).

Duffy the Skirmisher (Formicid Artificer)           Turns: 3394, Time: 00:03:14

Health: -1/53      AC:  9    Str: 15    XL:     6   Next: 49%
Magic:  8/8        EV:  6    Int: 12    God:
Gold:   152        SH:  0    Dex: 13    Spells: 0 memorised, 5 levels left

rFire  . . .     SeeInvis +     a - +0 short sword
rCold  . . .     Clarity  .     g - +0 chain mail
rNeg   . . .     SustAt   .     (no shield)
rPois  .         Gourm    .     (helmet unavailable)
rElec  .         Spirit   .     (no cloak)
rCorr  .         Warding  .     r - +0 pair of gloves
rMut   .         Stasis   +     (no boots)
MR     .....                    (no amulet)
Stlth  ..........               (no ring)
                                (no ring)

@: not resistant to hostile enchantments, extremely unstealthy
A: permanent stasis, dig shafts and tunnels, four strong arms, antennae 3
a: Dig, Shaft Self


You were on level 4 of the Dungeon.
You were not hungry.

You visited 1 branch of the dungeon, and saw 4 of its levels.

You collected 152 gold pieces.


Innate Abilities, Weirdness & Mutations

You are under a permanent stasis effect.
You can dig through walls and to a lower floor.
Your four strong arms can wield two-handed weapons with a shield.
You have a pair of large antennae on your head (SInv).


   Skills:
 + Level 6.7 Fighting
 - Level 1.0 Short Blades
 - Level 1.7 Dodging
 - Level 1.2 Stealth
 - Level 3.2 Evocations


You had 5 spell levels left.
You didn't know any spells.

Inventory:

Hand Weapons
 a - a +0 short sword (weapon)
 o - a +0 spear
 w - a +0 war axe
 D - a +0 trident
Missiles
 p - 32 poisoned needles
 v - 2 javelins of returning (quivered)
Armour
 b - a +0 leather armour
 g - a +0 chain mail (worn)
 r - a +0 pair of gloves (worn)
Wands
 c - a wand of flame (15)
 d - a wand of enslavement (15)
 e - a wand of random effects (6)
Scrolls
 j - 3 scrolls of identify {unknown}
 q - a scroll of noise {unknown}
 s - a scroll of random uselessness {unknown}
 y - a scroll of teleportation {unknown}
 B - a scroll of amnesia {unknown}
 C - a scroll of enchant armour {unknown}
 E - 2 scrolls of remove curse {unknown}
 F - a scroll of blinking {unknown}
 I - a scroll of fear {unknown}
Potions
 h - 2 potions of invisibility {unknown}
 i - a potion of degeneration {unknown}
 m - 2 potions of magic {unknown}
 n - a potion of flight {unknown}
 t - a potion of might {unknown}
 u - a potion of lignification {unknown}
 x - a potion of resistance {unknown}
 z - 2 potions of heal wounds {unknown}
 A - a potion of curing {unknown}
Comestibles
 f - 4 bread rations
 k - 2 meat rations
 l - 2 beef jerkies
 G - 5 fruits

Dungeon Overview and Level Annotations

Branches:
Dungeon (4/15)
 Temple: D:4-7

Altars:
Ashenzari
Fedhas

Annotations:
D:2 exclusion: 3 doors


Message History

The gnoll sergeant hits you with a spear of flaming!
The gnoll sergeant burns you.
You hit the gnoll sergeant but do no damage.
The gnoll sergeant barely misses you.
You closely miss the gnoll sergeant.
The gnoll sergeant hits you with a spear of flaming.
The gnoll sergeant burns you.
You hit the gnoll sergeant.
The gnoll sergeant is lightly wounded.
The gnoll sergeant hits you with a spear of flaming.
The gnoll sergeant burns you.
You hit the gnoll sergeant but do no damage.
The gnoll sergeant is lightly wounded.
The gnoll sergeant hits you with a spear of flaming!
The gnoll sergeant burns you.
You hit the gnoll sergeant.
The gnoll sergeant is moderately wounded.
The gnoll sergeant hits you with a spear of flaming.
The gnoll sergeant burns you.
Your chain mail prevents you from hitting the gnoll sergeant.
The gnoll sergeant is moderately wounded.
The gnoll sergeant hits you with a spear of flaming.
The gnoll sergeant burns you.
You hit the gnoll sergeant.
The gnoll sergeant is moderately wounded.
The gnoll sergeant hits you with a spear of flaming.
The gnoll sergeant burns you.
Your chain mail prevents you from hitting the gnoll sergeant.
The gnoll sergeant is moderately wounded.
The gnoll sergeant hits you with a spear of flaming.
The gnoll sergeant burns you.
You hit the gnoll sergeant.
The gnoll sergeant is moderately wounded.
The gnoll sergeant hits you with a spear of flaming.
You die...

#.......#.##.......#
#..####.#.##.#.###.#
#..#.........#.###.#####
#..#.##.#.##...........#
#..{....#.##.#..#..###.#
#.......#.......#..# #.#
####.#######.......###.##
###.##g## #.####........
#...{g#@# #........####.
#...###.####.....##..####.
#.#. #.# #.....##.....#. #
#.###.# #.......##.##.#.
#.....# #....... #>##.#.
##.##.# #.......##......
#. #.# #.##.##.#####.## ..
..# #. #. .# #.# ##. ###
#.#


You could see a gnoll sergeant.

Action                   |  1- 3 |  4- 6 || total
-------------------------+-------+-------++-------
Melee: Short sword       |   150 |   159 ||   309
 Abil: Dig               |       |     3 ||     3
Evoke: Wand              |       |     9 ||     9
  Eat: Chunk             |     3 |     5 ||     8

Notes
Turn   | Place    | Note
--------------------------------------------------------------
     0 | D:1      | Duffy the Formicid Artificer began the quest for the Orb.
     0 | D:1      | Reached XP level 1. HP: 15/15 MP: 3/3
    89 | D:1      | Reached skill level 2 in Fighting
    89 | D:1      | Reached XP level 2. HP: 22/22 MP: 4/4
   689 | D:1      | Reached XP level 3. HP: 28/28 MP: 5/5
   718 | D:1      | Reached skill level 3 in Fighting
  1768 | D:2      | Reached XP level 4. HP: 33/37 MP: 6/6
  2113 | D:2      | Reached skill level 4 in Fighting
  2116 | D:2      | Noticed Ijyb
  2139 | D:2      | Killed Ijyb
  2417 | D:3      | Reached XP level 5. HP: 38/43 MP: 7/7
  2571 | D:3      | Noticed Sigmund
  2613 | D:3      | Killed Sigmund
  2613 | D:3      | Reached skill level 6 in Fighting
  2613 | D:3      | Reached XP level 6. HP: 20/53 MP: 8/8
  2825 | D:3      | Found a shattered altar of Ashenzari.
  2864 | D:4      | Found a blossoming altar of Fedhas.
  3394 | D:4      | Slain by a gnoll sergeant

Vault maps used:
D:1:      nagdon_arrival_double_spiral, eino_curves_02
D:2:      kennysheep_vampire_church, first_bread, uniq_iyjb
D:3:      trog_eyes_of_draining, nicolae_overflow_hidden_temple,
          ashenzari_altar_1, minmay_lizard_king, uniq_sigmund, uniq_natasha,
          uniq_grinder
D:4:      grunt_temple_overflow_gold_and_silver, fedhas_altar_1,
          kennysheep_doodads

Vanquished Creatures
  Sigmund Ijyb
  4 adders
  An ooze
  An adder skeleton
  A worm
  2 giant geckos
  2 ball pythons
  3 bat skeletons
  A bat zombie
  4 goblins
  7 hobgoblins
  3 jackals
  4 kobolds
  A quokka
  5 bats
  3 giant newts
  A rat
45 creatures vanquished.
